AoeStats
← Dr Reidy

Arabian Desert

509608360Analyzed
1v1 RM · 4d ago on Sep 27, 2026· 31m 33s· 2 players
Game mode
Random Map
Map size
Tiny (2 player)
Population
200
Speed
Normal
Resources
Standard
Victory
Conquest
Starting age
Dark Age
Ending age
Imperial Age
RankedLock teamsTeams togetherTeam positionsShared explorationLock speedFull tech treeHidden civsTurbo modeCheats
Victory
Defeat
🇺🇸 Romans · United States
1108
+14
🇬🇧 Britons · United Kingdom
1070
-14
Dr Reidy
5:02 Loom
12:40 Feudal Age
14:10 Man-at-Arms
17:56 Horse Collar
19:14 Fletching
20:01 Scale Mail Armor
26:06 Castle Age
25:58 Padded Archer Armor
26:08 Crossbowman
26:45 Bodkin Arrow
31:30 Leather Archer Armor
Maiorianus Augustus
6:43 Loom
9:46 Feudal Age
10:30 Man-at-Arms
17:59 Scale Mail Armor
19:15 Forging
25:52 Castle Age
25:57 Long Swordsman
26:38 Squires
27:20 Chain Mail Armor
26:56 Town Watch
27:47 Wheelbarrow
27:49 Iron Casting
27:16 Double-Bit Axe
28:13 Ballistics
Connection lost

Rejoining the realm…

Still unreachable

The connection could not be restored.

Session expired

The server has moved on; the page needs a fresh start.